 Seeded DCSS version 0.30-a0-870-gc5d4c5acee (webtiles) character file.

Game seed: 13981417915278811795 (custom seed)

3093 tkbsonic5 the Magician (level 9, -3/67 HPs)
             Began as a Mummy Venom Mage on Mar 11, 2023.
             Was a Priest of Cheibriados.
             Killed themself with a badly aimed iceblast (4 damage)
             ... on level 8 of the Dungeon.
             The game lasted 00:38:29 (8212 turns).

tkbsonic5 the Magician (Mummy Venom Mage)           Turns: 8212, Time: 00:38:30

Health: -3/67      AC:  5    Str: 18    XL:     9   Next: 59%
Magic:  0/18       EV: 13    Int: 26    God:    Cheibriados [***...]
Gold:   559        SH:  0    Dex: 19    Spells: 4/20 levels left

rFire   x . .      SeeInvis .    g - +1 quarterstaff (spect)
rCold   + . .      Faith    +    (shield currently unavailable)
rNeg    + + +      Spirit   .    a - +0 robe
rPois   ∞          Reflect  .    (no helmet)
rElec   .          Rampage  .    (no cloak)
rCorr   .                        (no gloves)
Will    +....                    e - +2 pair of boots
Stlth   ++                       c - amulet of magic regeneration
HPRegen 0.31/turn                (no ring)
MPRegen 0.56/turn                (no ring)

@: very slow
A: cold resistance 1, negative energy resistance 3, torment resistance 2, heat
vulnerability 1, in touch with death 1, no potions, faith
a: Renounce Religion, Bend Time, Temporal Distortion


You were on level 8 of the Dungeon.
You worshipped Cheibriados.
Cheibriados was most pleased with you.
You visited 1 branch of the dungeon, and saw 8 of its levels.

You collected 559 gold pieces.

Inventory:

Hand Weapons
 b - a +2 spectral whip
 g - a +1 spectral quarterstaff (weapon)
 h - a +0 sling of freezing
 k - a +3 whip of electrocution
 l - a +2 dagger of venom
 m - a +2 whip of electrocution
Missiles
 f - 16 poisoned darts
 p - 2 curare-tipped darts
Armour
 a - a +0 robe (worn)
 e - a +2 pair of boots (worn)
Jewellery
 c - an amulet of magic regeneration (around neck)
Wands
 d - a wand of iceblast (7)
 q - a wand of flame (35)
Scrolls
 j - 4 scrolls of amnesia
 n - a scroll of magic mapping


   Skills:
 * Level 4.9 Fighting
 - Level 1.7(1.8) Maces & Flails
 * Level 0.8(1.4) Staves
 + Level 0.9 Ranged Weapons
 * Level 0.6 Armour
 - Level 2.2 Dodging
 - Level 1.5 Stealth
 * Level 6.3 Spellcasting
 * Level 3.5 Conjurations
 * Level 3.5 Summonings
 * Level 4.2 Transmutations
 * Level 3.5 Air Magic
 * Level 0.0 Earth Magic
 * Level 4.7 Poison Magic
 * Level 0.9 Invocations


You had 4 spell levels left.
You knew the following spells:

 Your Spells              Type           Power      Damage    Failure   Level
a - Sting                 Tmut/Pois      100%       1d8       1%          1
b - Poisonous Vapours     Pois/Air       58%        N/A       1%          2
c - Call Imp              Summ           26%        N/A       2%          2
d - Mephitic Cloud        Conj/Pois/Air  28%        N/A       4%          3
e - Olgreb's Toxic Radia  Pois           32%        N/A       10%         4
f - Animate Armour        Summ/Erth      34%        N/A       32%         4

Your spell library contained the following spells:

 Spells                   Type           Power      Damage    Failure   Level
 Magic Dart               Conj           100%       1d8       1%          1
 Leda's Liquefaction      Hex/Erth       4%         N/A       54%         4
 Lee's Rapid Deconstruct  Erth           4%         3d5*      88%         5


Dungeon Overview and Level Annotations

Branches:
Dungeon (8/15)             Temple (0/1) D:7
   Lair: D:8-11

Altars:
Ashenzari
Cheibriados
Dithmenos
Gozag
Nemelex Xobeh
Okawaru
Uskayaw

Annotations:
D:3 3 runed translucent doors, cforsyth's ghost, amateur DEEE
D:4 3 runed translucent doors, ZoeForever1's ghost, amateur DsRe


Innate Abilities, Weirdness & Mutations

You are immune to poison.
Your flesh is cold resistant. (rC+)
You are immune to negative energy. (rN+++)
You are immune to unholy pain and torment.
You are vulnerable to heat. (rF-)
You are in touch with the powers of death.
You do not drink.
You have a special connection with the divine. (Faith)


Message History

Unknown command.
Aiming: Iceblast
Press: ? - help, Shift-Dir - straight line, f/p - nameless horror
Aim: a nameless horror (moderately damaged, durably summoned) That beam is likely to hit you.
Continue anyway?
The mass of ice explodes!
The iceblast engulfs the nameless horror.
The nameless horror is heavily damaged.
The iceblast engulfs you. You partially resist.
* * * LOW HITPOINT WARNING * * *
The nameless horror hits you.
* * * LOW HITPOINT WARNING * * *
You feel your power leaking away.
Aiming: Iceblast
Press: ? - help, Shift-Dir - straight line, f/p - nameless horror
Aim: a nameless horror (heavily damaged, durably summoned) That beam is likely to hit you.
Continue anyway?
The mass of ice explodes!
The iceblast engulfs the nameless horror!
The nameless horror is almost destroyed.
The iceblast engulfs you. You partially resist.
* * * LOW HITPOINT WARNING * * *
Your toxic aura wanes.
The nameless horror hits you!
* * * LOW HITPOINT WARNING * * *
You feel your power leaking away.
Okay, then.
Okay, then.
Casting: Sting (safe; 1% risk of failure)
Confirm with . or Enter, or press ? or * to list all spells.
Okay, then.
Aiming: Iceblast
Press: ? - help, Shift-Dir - straight line, p - nameless horror That beam is likely to hit you.
Continue anyway?
The mass of ice explodes!
The iceblast engulfs the nameless horror.
You destroy the nameless horror!
That felt strangely unrewarding.
The iceblast engulfs you. You partially resist.
You die...

#...#...##..# ...
##.#
#...###.....#....
#...
##.........##..#.
..#.#
#/.....####.....
##...
###...........##
##.#
.#####.........
......Y..#######
##.......#
###########
#######>#
#..@....... #.#
#.######### #.#
#.# #X# #.# #.#
#.## #.###.#.##
#.[..###.#
#####!#.## ##X##


There were no monsters in sight!

Vanquished Creatures
  Joseph (D:7)
  A troll (D:7)
  A hornet (D:7)
  Sigmund (D:4)
  A nameless horror (D:8)
  A steam dragon (D:8)
  A vampire mosquito (D:8)
  A water moccasin (D:6)
  An ice beast (D:6)
  2 centaurs (D:6)
  A gnoll sergeant (D:7)
  A kobold brigand (D:6)
  2 bullfrogs (D:6)
  4 wights (D:8)
  5 howler monkeys
  2 jellies
  2 hounds
  4 orc priests
  2 iguanas
  2 orc wizards
  4 gnolls (D:7)
  10 adders
  An ufetubus (D:6)
  5 worms
  A dart slug (D:2)
  17 orcs
  7 ball pythons
  11 endoplasms
  2 giant cockroaches
  15 goblins
  5 hobgoblins
  A quokka (D:3)
  5 bats
  3 frilled lizards
  10 kobolds
  5 rats
138 creatures vanquished.

Vanquished Creatures (collateral kills)
  Prince Ribbit (D:7)
  2 wights (D:8)
  A gnoll (D:7)
  An endoplasm (D:2)
5 creatures vanquished.

Vanquished Creatures (others)
  An iguana (D:6)
1 creature vanquished.

Grand Total: 144 creatures vanquished

Notes
Turn   | Place    | Note
-------+----------+-------------------------------------------
     0 | D:1      | tkbsonic5 the Mummy Venom Mage began the quest for the Orb.
     0 | D:1      | Reached XP level 1. HP: 13/13 MP: 4/4
    98 | D:1      | Reached skill level 1 in Transmutations
   183 | D:1      | Reached XP level 2. HP: 18/20 MP: 1/5
   248 | D:1      | Reached skill level 3 in Spellcasting
   606 | D:1      | Reached skill level 1 in Fighting
   769 | D:1      | Learned a level 2 spell: Poisonous Vapours
   772 | D:1      | Learned a level 2 spell: Call Imp
   941 | D:2      | Gained mutation: You are in touch with the powers of death.
                  | [Mummy growth]
   941 | D:2      | Reached XP level 3. HP: 18/26 MP: 2/7
   977 | D:1      | Learned a level 3 spell: Mephitic Cloud
  1594 | D:2      | Found an iron altar of Okawaru.
  2271 | D:3      | Reached XP level 4. HP: 29/32 MP: 0/9
  2407 | D:3      | Noticed cforsyth's ghost (amateur DEEE)
  2516 | D:3      | Found a runed translucent gate.
  2516 | D:3      | Found a runed translucent gate.
  2517 | D:3      | Found a runed translucent gate.
  2544 | D:3      | Found a hide-covered altar of Uskayaw.
  2577 | D:3      | Identified the +4 scale mail of Dinoukh {Rampage Regen+
                  | Dex+2}
  3057 | D:4      | Reached XP level 5. HP: 36/38 MP: 7/10
  3349 | D:4      | Found a snail-covered altar of Cheibriados.
  3358 | D:4      | Found a shadowy altar of Dithmenos.
  3370 | D:4      | Became a worshipper of Cheibriados the Contemplative
  3508 | D:4      | Noticed Sigmund
  3519 | D:4      | Reached skill level 1 in Maces & Flails
  3525 | D:4      | Reached skill level 1 in Air Magic
  3535 | D:4      | Killed Sigmund
  3536 | D:4      | Reached skill level 4 in Spellcasting
  3536 | D:4      | Reached skill level 1 in Conjurations
  3536 | D:4      | Reached skill level 1 in Summonings
  3536 | D:4      | Reached XP level 6. HP: 46/46 MP: 3/12
  3541 | D:4      | Learned a level 4 spell: Olgreb's Toxic Radiance
  3557 | D:4      | Found a runed translucent gate.
  3559 | D:4      | Found a runed translucent gate.
  3559 | D:4      | Found a runed translucent gate.
  3560 | D:4      | Noticed ZoeForever1's ghost (amateur DsRe)
  3993 | D:5      | Entered Level 5 of the Dungeon
  4068 | D:5      | Noticed an ice beast
  4214 | D:5      | Reached XP level 7. HP: 51/51 MP: 7/13
  4416 | D:5      | Found an opulent altar of Gozag.
  4473 | D:5      | Reached * piety under Cheibriados
  5378 | D:6      | Found a sparkling altar of Nemelex Xobeh.
  5779 | D:6      | Reached XP level 8. HP: 35/58 MP: 15/15
  5976 | D:6      | Reached skill level 5 in Spellcasting
  6065 | D:6      | Reached ** piety under Cheibriados
  6243 | D:7      | Noticed Joseph
  6250 | D:7      | Noticed a hornet
  6423 | D:7      | Noticed Prince Ribbit
  6438 | D:7      | Killed Prince Ribbit
  6541 | D:7      | Found a staircase to the Ecumenical Temple.
  6631 | D:7      | Noticed a troll
  6641 | D:7      | Killed a troll
  6772 | D:7      | Killed Joseph
  6773 | D:7      | Reached XP level 9. HP: 16/66 MP: 2/17
  7091 | D:7      | Reached skill level 6 in Spellcasting
  7501 | D:7      | Reached *** piety under Cheibriados
  7957 | D:8      | Found a broken altar of Ashenzari.
  8148 | D:8      | Got the Precepts of the Volcano
  8154 | D:8      | Learned a level 4 spell: Animate Armour
  8173 | D:8      | Noticed a nameless horror
  8211 | D:8      | HP: 1/67 [nameless horror[miscasting Animate Armour] (7)]
  8212 | D:8      | Killed a nameless horror
  8212 | D:8      | Killed themself with a badly aimed iceblast

Illustrated notes

Levels and vault maps discovered:
D:1:      scummos_arrival_simple_fountains, layout_rooms,
          minmay_indecisive_spiral
D:2:      layout_rooms, basic_altar, roderic_filled_cross, minmay_circle_x
D:3:      layout_basic, lemuel_tele_altar, gammafunk_ghost_split
D:4:      layout_loops_ring, minmay_overflow_temple_star_quad,
          ebering_ghost_rock_garden, kennysheep_orc_chapel, uniq_sigmund
D:5:      layout_layer_cave, general_overflow_altar, hangedman_decor_points
D:6:      layout_basic, nemelex_xobeh_ov_fountains_minmay
D:7:      layout_loops_corners, minmay_temple_entry_trees, uniq_prince_ribbit1,
          uniq_joseph
D:8:      layout_loops_ring, kennysheep_mini, enter_bailey_7, st_stairs_12,
          minmay_radiant

Skill      XL: |  1  2  3  4  5  6  7  8  9 |
---------------+----------------------------+-----
Transmutations | 1 2 3 4 |  4.2
Spellcasting   | 3 4 5 6 |  6.3
Fighting       | 1 2 3 4 |  4.9
Poison Magic   | 3 4 |  4.7
Maces & Flails | 1 |  1.7
Air Magic      | 1 2 3 |  3.5
Conjurations   | 1 2 3 |  3.5
Summonings     | 1 2 3 |  3.5
Dodging        | 2 |  2.2
Staves         | |  0.8
Ranged Weapons | |  0.9
Armour         | |  0.6
Stealth        | |  1.5
Invocations    | |  0.9

Action                     |  1- 3 |  4- 6 |  7- 9 || total
---------------------------+-------+-------+-------++-------
  Melee: Whip              |    54 |    58 |    95 ||   207
         Dagger            |     6 |       |       ||     6
         Punch             |       |       |     1 ||     1
         Quarterstaff      |       |       |    32 ||    32
   Fire: Sling             |       |       |     1 ||     1
   Cast: Sting             |    54 |    26 |    21 ||   101
         Poisonous Vapours |    32 |    85 |    27 ||   144
         Call Imp          |     1 |     3 |    11 ||    15
         Mephitic Cloud    |       |     6 |    36 ||    42
         Olgreb's Toxic Ra |       |       |    19 ||    19
 Invoke: Bend Time         |       |       |     6 ||     6
  Evoke: Wand              |       |       |     5 ||     5
    Use: Scroll            |     6 |     1 |    11 ||    18
   Stab: Confused          |       |     1 |     9 ||    10
 Armour: Robe              |    19 |    18 |    34 ||    71
  Dodge: Dodged            |    59 |    37 |   101 ||   197

Table legend: (Time is in decaauts)
 A = Elapsed time spent in this place.
 B = Non-inter-level travel time spent in this place.
 C = Inter-level travel time spent in this place.
 D = Time resting spent in this place.
 E = Time spent auto-exploring this place.
 F = Levels seen in this place.
 G = Mean time per level.
                   A        B        C        D        E       F      G
               +--------+--------+--------+--------+--------+-----+--------+
         Total |   9578 |   9402 |    176 |    323 |   7544 |   8 | 1197.2 |
       Dungeon |   9578 |   9402 |    176 |    323 |   7544 |   8 | 1197.2 |
               +--------+--------+--------+--------+--------+-----+--------+

Top non-repeatable levels by time:
     D:7: 1838 daAuts
     D:5: 1446 daAuts
     D:4: 1227 daAuts
     D:6: 1222 daAuts
     D:2: 1141 daAuts
     D:1: 965 daAuts
     D:3: 923 daAuts
     D:8: 813 daAuts
